AoeStats
← darador86

Arena

509521618Analyzed
4v4 RM · 7d ago on Sep 27, 2026· 53m 30s· 8 players
Game mode
Random Map
Map size
Large (8 player)
Population
200
Speed
Normal
Resources
Standard
Victory
Conquest
Starting age
Dark Age
Ending age
Imperial Age
RankedLock teamsTeams togetherTeam positionsShared explorationLock speedFull tech treeHidden civsTurbo modeCheats
Victory
Defeat
🇹🇷 Turks · Türkiye
731
+13
🇧🇷 Britons · Brazil
716
+14
🇦🇷 Huns · Argentina
676
+15
🇨🇱 Vikings · Chile
547
+22
🇵🇱 Spanish · Poland
768
-20
🇨🇳 Britons · China
738
-19
🇺🇸 Franks · United States
608
-14
🇺🇸 Japanese · United States
535
-11
darador86
11:42 Feudal Age
12:09 Double-Bit Axe
17:17 Castle Age
15:44 Horse Collar
15:58 Stone Mining
16:36 Gold Mining
20:57 Wheelbarrow
20:07 Town Watch
21:38 Heavy Plow
22:07 Bow Saw
25:41 Gold Shaft Mining
26:12 Town Patrol
26:58 Hand Cart
27:48 Padded Archer Armor
27:38 Fletching
27:59 Forging
27:55 Scale Barding Armor
27:51 Scale Mail Armor
28:09 Marauders
29:25 Caravan
34:50 Imperial Age
32:56 Husbandry
33:09 Bloodlines
33:26 Chain Barding Armor
33:21 Chain Mail Armor
34:25 Ballistics
34:04 Murder Holes
34:19 Masonry
37:13 Two-Man Saw
37:20 Two-Man Saw
35:58 Elite Tarkan
37:02 Atheism
38:29 Chemistry
39:24 Parthian Tactics
39:06 Thumb Ring
42:33 Heavy Cavalry Archer
AloneArcher
11:08 Feudal Age
11:43 Double-Bit Axe
11:41 Horse Collar
16:38 Gold Mining
19:17 Castle Age
18:26 Stone Mining
20:11 Bow Saw
20:16 Heavy Plow
24:58 Gold Shaft Mining
29:07 Imperial Age
28:57 Wheelbarrow
28:08 Town Watch
28:08 Loom
31:10 Conscription
32:35 Two-Man Saw
35:34 Caravan
35:13 Heavy Camel Rider
38:53 Elite Janissary
45:23 Bloodlines
Forbraer
0:28 Loom
12:09 Feudal Age
12:53 Horse Collar
13:00 Double-Bit Axe
21:51 Castle Age
20:00 Town Watch
20:15 Stone Mining
20:35 Gold Mining
22:33 Wheelbarrow
21:51 Town Watch
22:34 Caravan
22:46 Heavy Plow
22:59 Bow Saw
29:14 Hand Cart
32:26 Imperial Age
30:34 Ballistics
30:19 Padded Archer Armor
34:25 Chemistry
33:36 Fortified Wall
33:43 Guilds
34:14 Gold Shaft Mining
34:41 Two-Man Saw
34:02 Leather Archer Armor
33:39 Fletching
34:40 Pikeman
35:21 Squires
35:06 Arson
35:59 Conscription
35:39 Warwolf
35:00 Elite Longbowman
36:05 Forging
35:53 Bodkin Arrow
36:15 Halberdier
39:51 Elite Skirmisher
41:23 Iron Casting
41:19 Ring Archer Armor
40:51 Bracer
41:21 Crossbowman
42:47 Arbalester
49:05 Blast Furnace
rodrigooboeponce
0:46 Loom
11:46 Feudal Age
12:12 Double-Bit Axe
12:10 Horse Collar
12:23 Gold Mining
12:23 Stone Mining
13:10 Stone Mining
21:14 Castle Age
19:53 Forging
19:43 Scale Mail Armor
22:03 Heavy Plow
22:17 Bow Saw
22:43 Gold Shaft Mining
27:06 Scale Mail Armor
28:48 Chain Mail Armor
29:45 Squires
35:23 Imperial Age
32:26 Crossbowman
32:53 Pikeman
33:19 Arson
35:06 Iron Casting
34:22 Fletching
34:33 Padded Archer Armor
35:28 Ballistics
34:49 Treadmill Crane
35:14 Elite Skirmisher
37:24 Two-Man Saw
37:30 Crop Rotation
37:13 Arbalester
38:11 Leather Archer Armor
38:20 Capped Ram
39:34 Conscription
39:45 Bodkin Arrow
41:52 Siege Ram
43:37 Chemistry
43:32 Siege Engineers
45:00 Elite Berserk
46:48 Plate Mail Armor
47:18 Blast Furnace
46:20 Bracer
46:50 Ring Archer Armor
51:16 Elite Varangian Guard
CommittedTwo_1
11:31 Feudal Age
11:51 Loom
12:38 Horse Collar
12:45 Double-Bit Axe
15:18 Gold Mining
15:19 Stone Mining
22:32 Castle Age
24:00 Wheelbarrow
23:22 Fletching
23:43 Forging
25:22 Pikeman
26:03 Squires
27:16 Murder Holes
27:02 Treadmill Crane
27:34 Fortified Wall
30:23 Heavy Plow
30:44 Bow Saw
33:06 Hand Cart
38:24 Imperial Age
40:50 Gold Shaft Mining
40:26 Caravan
43:10 Two-Man Saw
45:17 Iron Casting
44:43 Scale Mail Armor
45:37 Thumb Ring
44:53 Elite Skirmisher
45:43 Halberdier
winderia
10:30 Feudal Age
11:04 Double-Bit Axe
13:17 Gold Mining
13:19 Stone Mining
19:21 Castle Age
18:04 Forging
17:59 Scale Barding Armor
21:34 Loom
22:43 Scale Barding Armor
23:52 Wheelbarrow
24:24 Gold Shaft Mining
25:17 Caravan
28:49 Hand Cart
32:30 Imperial Age
32:14 Coinage
31:59 Husbandry
32:22 Chain Barding Armor
32:38 Iron Casting
32:47 Ballistics
32:16 Treadmill Crane
34:05 Bow Saw
34:06 Town Watch
35:30 Blast Furnace
35:05 Plate Barding Armor
35:04 Cavalier
35:06 Light Cavalry
36:50 Town Patrol
37:44 Banking
38:33 Chemistry
39:27 Masonry
39:00 Paladin
HyDRO™23
5:10 Loom
14:36 Feudal Age
15:48 Double-Bit Axe
20:15 Wheelbarrow
23:16 Castle Age
23:06 Arson
23:10 Horse Collar
25:56 Stone Mining
28:06 Bow Saw
29:25 Hand Cart
30:45 Coinage
30:18 Caravan
30:22 Gold Mining
31:19 Heavy Plow
37:53 Imperial Age
37:16 Scale Barding Armor
37:11 Scale Mail Armor
37:22 Forging
37:02 Fletching
38:59 Stone Shaft Mining
39:18 Conscription
38:22 Elite Conquistador
38:35 Pikeman
39:40 Town Watch
41:00 Banking
40:41 Guilds
40:20 Capped Ram
43:23 Chain Barding Armor
43:00 Bodkin Arrow
43:08 Padded Archer Armor
43:19 Halberdier
44:00 Squires
48:43 Bloodlines
51:09 Plate Barding Armor
50:52 Chain Mail Armor
50:55 Leather Archer Armor
50:41 Bracer
51:18 Iron Casting
53:43 Ring Archer Armor
54:15 Blast Furnace
噢啦哦了丶
9:44 Feudal Age
8:02 Loom
10:44 Double-Bit Axe
10:41 Horse Collar
20:40 Castle Age
21:03 Gold Mining
22:10 Bow Saw
22:02 Heavy Plow
23:18 Wheelbarrow
22:18 Pikeman
23:09 Gambesons
24:47 Squires
24:54 Scale Mail Armor
25:06 Forging
26:46 Gold Shaft Mining
27:14 Fletching
27:26 Padded Archer Armor
30:02 Hand Cart
29:54 Bodkin Arrow
30:18 Leather Archer Armor
31:08 Arson
31:45 Chain Mail Armor
35:29 Imperial Age
34:55 Yeomen
36:44 Iron Casting
36:12 Bracer
36:43 Ring Archer Armor
37:52 Two-Man Saw
36:59 Caravan
38:21 Town Watch
38:30 Halberdier
38:54 Capped Ram
Connection lost

Rejoining the realm…

Still unreachable

The connection could not be restored.

Session expired

The server has moved on; the page needs a fresh start.